 Dungeon Crawl Stone Soup version 0.30-a0-23-ge60ba3568b (webtiles) character file.

Game seed: 7651524141840964573

66 jlumianski the Ducker (level 3, 0/40 HPs)
             Began as a Demonspawn Gladiator on Aug 26, 2022.
             Slain by Sigmund
             ... wielding a +0 scythe
              (4 damage)
             ... on level 3 of the Dungeon.
             The game lasted 00:09:20 (2274 turns).

jlumianski the Ducker (Demonspawn Gladiator)        Turns: 2274, Time: 00:09:20

Health: 0/40       AC: 21    Str: 16    XL:     3   Next: 96%
Magic:  3/3        EV:  2    Int:  9    God:
Gold:   60         SH:  0    Dex: 14    Spells: 2/2 levels left

rFire   . . .      SeeInvis .    a - +0 war axe
rCold   . . .      Faith    .    (no shield)
rNeg    . . .      Spirit   .    (body armour currently unavailable)
rPois   +          Reflect  .    (helmet currently unavailable)
rElec   .          Harm     .    (cloak currently unavailable)
rCorr   .          Rampage  .    (gloves currently unavailable)
Will    .....      NoTele   +    (boots currently unavailable)
Stlth   ..........               (no amulet)
HPRegen 0.13/turn                y - ring of flight
MPRegen 0.08/turn                (no ring)

@: tree-form, silenced, hasted, very quick
A: stationary, stasis, torment immunity, boosted hp, (horns 1)
a: no special abilities


You were on level 3 of the Dungeon.
You were a tree.
You visited 1 branch of the dungeon, and saw 3 of its levels.

You collected 60 gold pieces.

Inventory:

Hand Weapons
 a - a +0 war axe (weapon)
Missiles
 d - 3 throwing nets
 e - a javelin
 g - 5 stones (quivered)
 n - 4 poisoned darts
 w - 2 silver boomerangs
 x - 2 atropa-tipped darts
Armour
 b - a +0 leather armour (melded)
 c - a +0 helmet
 j - a +0 pair of boots (melded)
Magical Staves
 p - a staff of air
Jewellery
 t - an amulet of faith
 y - a ring of flight (left branch)
Scrolls
 f - 2 scrolls of teleportation
 k - a scroll of poison
 l - a scroll of enchant armour
 v - a scroll of fog {unknown}
 z - a scroll of enchant weapon


   Skills:
 + Level 2.2 Fighting
 + Level 3.3 Axes
 + Level 1.9 Throwing
 + Level 1.1 Armour
 + Level 3.4 Dodging
 + Level 0.2 Stealth


You had 2 spell levels left.
You didn't know any spells.
Your spell library contained the following spells:

 Spells                   Type           Power      Damage    Failure   Level
 Sandblast                Erth           0%         2d4       38%         1
 Passwall                 Tmut/Erth      0%         N/A       52%         2
 Lesser Beckoning         Tloc           0%         N/A       77%         3
 Stone Arrow              Conj/Erth      0%         3d7       77%         3
 Summon Cactus Giant      Summ           0%         N/A       100%        6
 Spellforged Servitor     Conj/Summ      0%         N/A       100%        7


Dungeon Overview and Level Annotations

Branches:
Dungeon (3/15)

Altars:
Dithmenos
Trog

Annotations:
D:3 Sigmund


Innate Abilities, Weirdness & Mutations

You are a tree.
Your roots penetrate the ground, keeping you stationary.
You cannot be teleported.
You are immune to unholy pain and torment.
Your maximum health is greatly increased.
Your equipment is partially melded.
((You have a pair of small horns on your head.))


Message History

You hit something.
You cannot move.
You cannot move.
You cannot move.
You cannot move.
You cannot move.
You cannot move.
You cannot move.
You cannot move.
You cannot teleport because you are held in place by your roots.
Something hits you but does no damage.
You hear some strange, mumbled words.
A magic dart appears from out of thin air!
The magic dart hits you but does no damage.
Something hits you.
As you read the scroll labelled PICHOL COUM, it crumbles to dust.
You assume a fearsome visage.
It was a scroll of fear.
Something hits you.
* * * LOW HITPOINT WARNING * * *
As you read the scroll labelled COCHUE WESIXT, it crumbles to dust.
It is a scroll of amnesia.
You feel forgetful for a moment.
You hear some strange, mumbled words.
A magic dart appears from out of thin air!
The magic dart hits you.
* * * LOW HITPOINT WARNING * * *
As you read the scroll labelled HIUXOU ZUPHU, it crumbles to dust.
A profound silence engulfs you.
It was a scroll of silence.
Something hits you but does no damage. Something hits you but does no damage.
Something hits you.
* * * LOW HITPOINT WARNING * * *
Magic scrolls do not work when you're silenced!
Unknown command.
You aren't carrying any potions.
Unknown command.
You feel less attractive to monsters. Something hits you but does no damage.
Something hits you.
You die...

..#### +....<..
#....#####
#.......
..........
..........
####.#####
..#####.## # #...
. ... # #..###
#.. # #....######
#.. #
##.○.☼☼.#######
#..# #
######..{♣○..# .
......☼.#####☼#
#####
#######.......#
.....
#..........#..#
#####
#.########'##....
# #.#
#.....#.....# #.#
#.....#.......
#.#
#.....#...#.#.
#.#
####'##.......


There were no monsters in sight!

Vanquished Creatures
  2 adders (D:3)
  2 worms (D:2)
  2 dart slugs
  5 endoplasms
  2 giant cockroaches
  3 hobgoblins
  6 jackals (D:1)
  2 quokkas (D:2)
  2 ball pythons
  A bat (D:1)
  4 kobolds
  4 rats
35 creatures vanquished.

Notes
Turn   | Place    | Note
-------+----------+-------------------------------------------
     0 | D:1      | jlumianski the Demonspawn Gladiator began the quest for the
                  | Orb.
     0 | D:1      | Reached XP level 1. HP: 16/16 MP: 1/1
   297 | D:1      | Gained mutation: You have a pair of small horns on your
                  | head. [demonic ancestry]
   297 | D:1      | Reached XP level 2. HP: 21/22 MP: 2/2
   589 | D:1      | Found a faded altar of an unknown god.
  1114 | D:2      | Got the Almanac of Translocated Convocation
  1239 | D:2      | Reached XP level 3. HP: 27/27 MP: 3/3
  1796 | D:2      | Found a bloodstained altar of Trog.
  2094 | D:3      | Found a faded altar of an unknown god.
  2099 | D:3      | Found a shadowy altar of Dithmenos.
  2155 | D:3      | Reached skill level 1 in Armour
  2224 | D:3      | Noticed Sigmund
  2274 | D:3      | Slain by Sigmund

Illustrated notes

Levels and vault maps discovered:
D:1:      sevenhm_arrival_forest_fort_small_4, layout_loops_ring,
          hellmonk_ecumenical_altar_pennies_from_heaven
D:2:      layout_loops_corners, basic_altar
D:3:      layout_basic, nicolae_overflow_ecumenical_swirl, uniq_grinder,
          uniq_sigmund

Skill      XL: |  1  2  3 |
---------------+----------+-----
Axes           | 3 |  3.3
Dodging        | 3 |  3.4
Armour         | 1 |  1.1
Fighting       | |  2.2
Throwing       | |  1.9
Stealth        | |  0.2

Action                   || total
-------------------------++-------
Melee: War axe           ||    81
       Headbutt          ||     9
Throw: Stone             ||    18
  Use: Scroll            ||     7
       Potion            ||     4
 Stab: Sleeping          ||     1
Armor: Leather armour    ||    18
       Skin              ||     8
Dodge: Dodged            ||    53

Table legend: (Time is in decaauts)
 A = Elapsed time spent in this place.
 B = Non-inter-level travel time spent in this place.
 C = Inter-level travel time spent in this place.
 D = Time resting spent in this place.
 E = Time spent auto-exploring this place.
 F = Levels seen in this place.
 G = Mean time per level.
                   A        B        C        D        E       F      G
               +--------+--------+--------+--------+--------+-----+--------+
         Total |   2299 |   2272 |     27 |    135 |   1302 |   3 |  766.3 |
       Dungeon |   2299 |   2272 |     27 |    135 |   1302 |   3 |  766.3 |
               +--------+--------+--------+--------+--------+-----+--------+

Top non-repeatable levels by time:
     D:2: 1012 daAuts
     D:1: 1012 daAuts
     D:3: 275 daAuts
